 Dungeon Crawl Stone Soup version 0.17-a0-1-g1f4be75 (console) character file.

1632 Fusha the Basher (level 8, -4/83 (89) HPs)
             Began as an Ogre Chaos Knight on Mar 7, 2015.
             Slain by a centaur (shapeshifter) (10 damage)
             ... on level 6 of the Dungeon.
             The game lasted 00:16:05 (5431 turns).

Fusha the Basher (Ogre Chaos Knight)                Turns: 5431, Time: 00:16:05

HP:   -4/83 (89)    AC:  9    Str: 20    XL:     8   Next: 98%
MP:   8/8           EV: 18    Int: 11    God:    Xom [......]
Gold: 210           SH:  0    Dex: 14    Spells: 0 memorised, 7 levels left

rFire  . . .     SeeInvis .     a - +0 mace (chaos)
rCold  . . .     Clarity  .     b - +2 robe
rNeg   + . .     SustAb   .     (shield restricted)
rPois  .         Gourm    .     e - +1 hat
rElec  .         Spirit   .     (no cloak)
rCorr  .         Warding  .     (gloves unavailable)
rMut   .         Stasis   .     (boots unavailable)
MR     .....                    (no amulet)
Stlth  ++........               w - +3 ring of protection
                                y - ring of positive energy

@: confused, agile, lethally poisoned (-4 -> -9), not resistant to hostile
enchantments, unstealthy
A: unfitting armour, tough skin 1
a: Renounce Religion


You were on level 6 of the Dungeon.
You worshipped Xom.
You were a very special plaything of Xom.
You were not hungry.

You visited 1 branch of the dungeon, and saw 7 of its levels.

You collected 279 gold pieces.
You spent 69 gold pieces at shops.

Inventory:

Hand weapons
 a - a +0 mace of chaos (weapon)
 g - a +0 whip of electrocution
Missiles
 r - a throwing net (quivered)
Armour
 b - a +2 robe (worn)
 e - a +1 hat (worn)
Jewellery
 v - an uncursed ring of magical power
 w - a +3 ring of protection (right hand)
 y - a ring of positive energy (left hand)
Magical devices
 p - a wand of confusion (18)
 q - a wand of cold (13)
 u - a wand of polymorph (8)
Scrolls
 i - 3 scrolls of remove curse
 m - a scroll of enchant weapon {unknown}
 n - a scroll of noise {unknown}
 o - a scroll of random uselessness {unknown}
 s - a scroll of recharging
 x - a scroll of enchant armour {unknown}
 B - a scroll of fear {unknown}
Potions
 f - 2 potions of agility
 j - 2 potions of magic {unknown}
 k - 2 potions of heal wounds {unknown}
 l - 2 potions of might
 D - a potion of invisibility
 E - a potion of cure mutation
Comestibles
 c - 2 meat rations
 t - 2 bread rations
 z - a beef jerky
 A - a royal jelly


   Skills:
 + Level 8.3 Fighting
 + Level 8.7 Maces & Flails
 - Level 0.7 Armour
 + Level 6.4 Dodging
 + Level 2.4 Stealth
 + Level 0.5 Unarmed Combat


You had 7 spell levels left.
You didn't know any spells.

Dungeon Overview and Level Annotations

Branches:
Dungeon (7/15)             Temple (0/1) D:5

Altars:
Sif Muna
Trog
Xom
Zin

Shops:
D:6 *

Annotations:
D:5 stuff behind ic


Innate Abilities, Weirdness & Mutations

You are too large for most types of armour.
You have tough skin (AC +1).


Message History

* * * LOW HITPOINT WARNING * * *
You feel sick. The wasp completely misses you.
You barely miss the wasp.
The wasp is heavily wounded.
* * * LOW HITPOINT WARNING * * *
You feel sick.
Xom's power touches on your mind for a moment.
You are confused.
The wasp changes into a centaur!
You bump into the rock wall.
* * * LOW HITPOINT WARNING * * *
You feel sick.
The centaur hits you but does no damage.
Drink which item? (? for menu, Esc to quit)
You are more confused.
You feel invigorated.
* * * LOW HITPOINT WARNING * * *
You feel sick. The centaur hits you!
You die...
Xom snickers!

.#.# #)# ...##### #<#
.......# #.# .#.###.###
#.# .........# #.#
.....#.#.# #.#
.........# #.#
.#.###...####[######
................@#.#
....##.....(...c.#.#
#..###.#.#..#.#..#.#
##............#..#.#
##.#####...........#
##.# ###.......#.####
##.# ###.............#
##.## #.......#.##..#.#
##..###.#.............#


You could see a centaur shaped shifter.

Vanquished Creatures
  An ice beast (D:6)
  An ogre (D:6)
  A phantom (D:4)
  A necrophage (D:6)
  Blork the orc (D:6)
  2 giant frogs
  A scorpion (D:6)
  2 killer bees (D:7)
  A jelly (D:5)
  A crimson imp (D:6)
  An orc priest (D:6)
  A hound (D:4)
  2 centaur skeletons (D:5)
  5 orc wizards
  2 iguanas
  4 worker ants
  A sheep (D:3)
  Jessica (D:3)
  A worker ant zombie (D:6)
  4 adders
  3 gnolls (D:3)
  A shadow imp (D:4)
  4 worms
  4 giant mites
  2 adder skeletons (D:5)
  2 adder zombies
  2 giant geckos
  An ooze (D:4)
  16 orcs
  12 bats
  A bat skeleton (D:4)
  7 hobgoblins
  4 jackals (D:3)
  2 quokkas
  3 ball pythons
  8 giant cockroaches
  5 giant newts
  14 goblins
  13 kobolds
  7 rats
  A ballistomycete (D:6)
146 creatures vanquished.

Vanquished Creatures (collateral kills)
  The ghost of dadoka the Covert, an average SpAs (D:4)
  An ogre (D:4)
  An orc priest (D:4)
  An iguana (D:4)
  2 orcs (D:4)
  A giant cockroach (D:4)
7 creatures vanquished.

Vanquished Creatures (others)
  An ogre (D:6)
  A giant spore (D:6)
2 creatures vanquished.

Grand Total: 155 creatures vanquished

Notes
Turn   | Place    | Note
--------------------------------------------------------------
     0 | D:1      | Fusha, the Ogre Chaos Knight, began the quest for the Orb.
     0 | D:1      | Reached XP level 1. HP: 24/24 MP: 1/1
   178 | D:1      | XOM: divination: detect items
   282 | D:1      | Reached XP level 2. HP: 24/33 MP: 2/2
   758 | D:2      | Reached XP level 3. HP: 40/40 MP: 3/3
   820 | D:2      | Reached skill level 5 in Maces & Flails
   844 | D:2      | XOM: silly message
   902 | D:2      | Found a glowing silver altar of Zin.
   903 | D:2      | Found a bloodstained altar of Trog.
  1087 | D:2      | Reached XP level 4. HP: 32/49 MP: 4/4
  1728 | D:3      | Reached skill level 5 in Fighting
  1959 | D:3      | Noticed Jessica
  1967 | D:3      | Killed Jessica
  1967 | D:3      | Reached XP level 5. HP: 51/57 MP: 5/5
  2073 | D:3      | XOM: silly message
  2199 | D:3      | XOM: smoke on damage
  2387 | D:3      | XOM: divination: detect creatures
  2397 | D:3      | XOM: silly message
  2487 | D:4      | XOM: divination: detect items
  2534 | D:4      | Killed dadoka's ghost
  2534 | D:4      | Reached XP level 6. HP: 62/67 MP: 6/6
  2545 | D:4      | Noticed an ogre
  2549 | D:4      | Killed an ogre
  2639 | D:4      | Reached skill level 6 in Maces & Flails
  2844 | D:4      | Noticed a phantom
  2873 | D:4      | XOM: smoke on damage
  2950 | D:4      | XOM: vitrification
  2986 | D:4      | XOM: butterfly on damage
  2992 | D:4      | XOM: summons 6 friendly demons
  3194 | D:4      | XOM: fog
  3198 | D:4      | XOM: divination: detect items
  3217 | D:4      | XOM: smoke on damage
  3223 | D:4      | Killed a phantom
  3223 | D:4      | Reached XP level 7. HP: 49/75 MP: 7/7
  3301 | D:4      | XOM: divination: detect creatures
  3459 | D:5      | Entered Level 5 of the Dungeon
  3570 | D:5      | Reached skill level 1 in Stealth
  3684 | D:5      | Reached skill level 7 in Maces & Flails
  3710 | D:5      | XOM: scenery: create altars
  3771 | D:5      | XOM: mild Necr miscast
  3991 | D:5      | XOM: divination: detect creatures
  3993 | D:5      | Reached skill level 5 in Dodging
  4014 | D:5      | XOM: god gift: scimitar {god gift}
  4015 | D:5      | Found a staircase to the Ecumenical Temple.
  4030 | D:5      | XOM: destruction
  4031 | D:5      | XOM: god gift: murky blue potion
  4066 | D:6      | XOM: polymorph orc -> giant mite
  4072 | D:6      | Reached XP level 8. HP: 74/87 MP: 8/8
  4100 | D:6      | Found a deep blue altar of Sif Muna.
  4156 | D:6      | XOM: enchant monster (bad)
  4318 | D:6      | XOM: confusion
  4327 | D:6      | Reached skill level 8 in Maces & Flails
  4470 | D:6      | XOM: 3-stop teleportation journey
  4616 | D:6      | XOM: colour smoke trail
  4662 | D:6      | XOM: cast spell 'Flight'
  4804 | D:6      | Found Schanasm's Assorted Antiques.
  4811 | D:6      | Bought a scroll labeled TRUIMUA BRIGA for 25 gold pieces
  4811 | D:6      | Bought a pink potion for 22 gold pieces
  4811 | D:6      | Bought a viscous coppery potion for 22 gold pieces
  4825 | D:6      | Noticed Blork the orc
  4837 | D:6      | Killed Blork the orc
  5188 | D:6      | XOM: mild Divn miscast
  5416 | D:7      | XOM: swap monsters
  5427 | D:6      | XOM: polymorph killer bee -> giant frog
  5429 | D:6      | XOM: confusion
  5430 | D:6      | HP: 4/83 [poisoned by a killer bee]
  5431 | D:6      | Slain by a centaur (shapeshifter)

Action                   |  1- 3 |  4- 6 |  7- 9 || total
-------------------------+-------+-------+-------++-------
Melee: Mace              |    78 |   186 |   249 ||   513
       Unarmed           |       |    34 |       ||    34
  Use: Scroll            |       |       |     7 ||     7
       Potion            |       |       |     5 ||     5
 Stab: Paralysed         |     1 |     2 |     5 ||     8
       Petrifying        |     1 |       |       ||     1
       Petrified         |       |       |     2 ||     2
       Sleeping          |       |       |     2 ||     2
       Confused          |       |       |     1 ||     1
  Eat: Beef jerky        |     1 |     1 |       ||     2
       Bread ration      |       |     1 |       ||     1
       Meat ration       |       |       |     1 ||     1
       Fruit             |       |       |     4 ||     4
